AoeStats
← Don Pepino Sonrisa

Arabia

507267093Analyzed
1v1 RM · 13d ago on Sep 17, 2026· 28m 20s· 2 players
Game mode
Random Map
Map size
Tiny (2 player)
Population
200
Speed
Normal
Resources
Standard
Victory
Conquest
Starting age
Dark Age
Ending age
Imperial Age
RankedLock teamsTeams togetherTeam positionsShared explorationLock speedFull tech treeHidden civsTurbo modeCheats
Victory
Defeat
🇰🇷 Turks · South Korea
1669
+12
🇫🇮 Italians · Finland
1581
-12
olento
7:00 Loom
7:08 Loom
9:23 Feudal Age
10:22 Double-Bit Axe
10:31 Horse Collar
19:21 Castle Age
18:04 Gold Mining
20:28 Bow Saw
22:19 Town Watch
Don Pepino Sonrisa
9:36 Feudal Age
7:53 Loom
10:07 Double-Bit Axe
10:04 Horse Collar
14:00 Wheelbarrow
17:43 Castle Age
16:53 Fletching
17:23 Gold Mining
18:51 Bow Saw
20:29 Bodkin Arrow
22:55 Thumb Ring
23:35 Padded Archer Armor
26:35 Scale Barding Armor
27:47 Husbandry
Connection lost

Rejoining the realm…

Still unreachable

The connection could not be restored.

Session expired

The server has moved on; the page needs a fresh start.